Map: Orbital Shipyard

Players

Wellmet

  • Race: Terran Terran
  • League: Diamond

OptimusPrime - Winner!

  • Race: Terran Terran
  • League: Master

VOD

Have the link to the VOD?

Description

Time

  • Played on: Nov. 13, 2015, 10:55 p.m.
  • Length: 11:16
Show
View Real Time Build Order
Export as new Build Order

Wellmet Terran 

Build Orders: Reaper Expand, Bio Tank, Banshee Rush 

Get SALT Encoding   

  12  0:01  SCV  
  13  0:13  SCV  
  14  0:18  Supply Depot  
  14  0:25  SCV  
  15  0:39  SCV  
  15  0:42  Barracks  
  16  0:44  Refinery  
  16  0:51  SCV  
  17  1:03  SCV  
  18  1:16  SCV  
  19  1:31  Reaper, Orbital Command  
  20  1:45  Command Center  
  20  1:58  SCV  
  20  1:59  Supply Depot  
  20  2:00  Refinery  
  21  2:03  Barracks Reactor  
  21  2:10  SCV  
  22  2:22  SCV  
  23  2:26  Factory  
  23  2:34  SCV  
  23  2:44  Marine x2  
  23  2:46  SCV  
  26  2:59  Orbital Command  
  26  3:06  SCV  
  26  3:08  Marine  
  26  3:09  Marine  
  26  3:10  Starport  
  26  3:11  Factory Tech Lab  
  29  3:18  SCV  
  30  3:24  SCV  
  30  3:26  Marine x2  
  33  3:34  SCV  
  34  3:36  SCV  
  34  3:38  Factory Tech Lab  
  34  3:41  Command Center  
  35  3:46  SCV, Marine x2  
  38  3:49  SCV  
  38  3:53  Cloaking Field  
  38  3:54  Banshee  
  42  4:00  Supply Depot  
  42  4:01  SCV  
  42  4:02  SCV  
  44  4:09  Siege Tank  
  46  4:14  Supply Depot  
  46  4:21  SCV x2, Marine x2  
  49  4:33  SCV  
  47  4:39  Marine x2  
  47  4:41  Raven  
  50  4:48  SCV x2  
  49  4:53  Orbital Command  
  49  4:56  Siege Tank, Marine x2  
  52  5:00  SCV  
  47  5:14  Marine x2  
  47  5:15  SCV  
  47  5:16  SCV  
  47  5:21  SCV  
  52  5:22  Barracks  
  52  5:24  Barracks  
  52  5:28  SCV, Siege Tank  
  54  5:29  SCV  
  54  5:34  SCV  
  54  5:37  Marine  
  54  5:38  Marine  
  54  5:39  Orbital Command  
  54  5:41  Banshee  
  59  5:44  SCV x2, Engineering Bay  
  61  5:56  SCV x2  
  63  5:58  Marine  
  63  5:59  Marine  
  63  6:03  Supply Depot  
  68  6:04  Siege Tank  
  68  6:09  SCV x3, Refinery  
  68  6:10  Refinery  
  71  6:12  Missile Turret  
  71  6:15  Barracks Tech Lab x2  
  71  6:18  Marine x2  
  71  6:21  SCV x3  
  71  6:22  Missile Turret  
  76  6:33  SCV  
  76  6:34  SCV x2  
  76  6:36  Missile Turret  
  76  6:38  Marine x2  
  76  6:39  Marine  
  82  6:45  SCV, Marine  
  82  6:46  SCV  
  82  6:47  SCV  
  72  6:56  Marine  
  72  6:57  SCV, Marine  
  72  6:58  Marine  
  72  6:59  SCV x2, Stimpack, Combat Shields  
  72  7:02  Siege Tank  
  72  7:08  Marine  
  75  7:09  SCV  
  75  7:11  SCV, Supply Depot, Starport Reactor  
  75  7:14  Marine  
  79  7:16  Terran Infantry Weapons Level 1, Barracks  
  79  7:17  Barracks  
  79  7:19  SCV  
  79  7:20  Marine x2  
  79  7:21  SCV  
  83  7:23  Supply Depot  
  83  7:25  SCV  
  83  7:27  Refinery  
  83  7:28  Marine  
  85  7:33  SCV  
  86  7:37  Marine  
  86  7:38  Supply Depot, Siege Tank  
  86  7:39  SCV  
  86  7:43  Marine  
  92  7:46  SCV x2  
  94  7:52  Marine x2  
  94  7:54  Command Center  
  94  7:56  Supply Depot, Medivac x2  
  94  7:57  Marine  
  101  8:00  SCV x2  
  101  8:01  Marine  
  104  8:05  Barracks Reactor  
  104  8:06  Barracks Reactor  
  104  8:09  Armory  
  104  8:11  Marine  
  104  8:13  Siege Tank  
  104  8:16  SCV x2  
  109  8:20  Supply Depot  
  109  8:22  Refinery  
  109  8:26  Marine x3  
  112  8:29  Starport, Medivac  
  112  8:33  Marine  
  115  8:36  Supply Depot, Medivac  
  115  8:38  Supply Depot  
  117  8:42  Liberator, Marine x2  
  117  8:43  Marine  
  117  8:44  Marine x2  
  117  8:48  Marine  
  123  8:49  Supply Depot, Liberator  
  123  8:51  Marine x2  
  125  9:00  Marine  
  125  9:01  Marine x3  
  125  9:02  Engineering Bay  
  132  9:04  Supply Depot  
  132  9:05  Marine  
  132  9:06  Marine  
  137  9:19  Marine x2  
  137  9:20  Marine x2  
  137  9:21  Siege Tank  
  144  9:26  Banshee, Factory  
  144  9:28  Marine x2  
  144  9:29  Marine x2  
  144  9:30  Fusion Core  
  151  9:37  Liberator  
  151  9:42  Missile Turret  
  151  9:43  Planetary Fortress  
  151  9:44  Marine x4  
  151  9:45  Missile Turret  
  155  9:46  Marine  
  155  9:47  Missile Turret  
  156  9:52  Marine  
  156  9:53  Marine x2  
  156  9:56  Liberator  
  162  10:02  Marine x3  
  162  10:04  Missile Turret  
  162  10:05  Barracks  
  165  10:08  Barracks  
  165  10:09  Marine x2  
  170  10:16  Banshee  
  170  10:17  Marine  
  172  10:21  Supply Depot  
  172  10:29  Supply Depot  
  172  10:32  Marine  
  166  10:40  Marine  
  166  10:41  Marine  
  166  10:42  Marine x2  
  113  10:43  Marine  
  113  10:45  Marine  
  113  10:46  Marine  
  113  10:49  Marine  
  90  10:58  Barracks Reactor x2  
  90  11:01  Barracks  
  90  11:02  Factory Tech Lab  
Show
View Real Time Build Order
Export as new Build Order

OptimusPrime Terran - Winner!

Build Orders: 1/1/1, Bio Tank, Banshee Rush 

Get SALT Encoding   

  12  0:01  SCV  
  13  0:13  SCV  
  14  0:17  Supply Depot  
  14  0:25  SCV  
  15  0:34  Refinery  
  15  0:39  SCV  
  16  0:45  Barracks  
  16  0:51  SCV  
  17  1:03  SCV  
  18  1:15  SCV  
  19  1:33  Marine  
  19  1:34  Orbital Command  
  19  1:37  Factory, Refinery  
  19  1:38  Supply Depot  
  20  1:51  Marine  
  21  2:00  SCV  
  21  2:09  Marine  
  22  2:15  SCV  
  23  2:22  Starport  
  23  2:23  Factory Tech Lab  
  23  2:25  Supply Depot  
  23  2:27  Marine  
  23  2:28  SCV  
  25  2:40  SCV  
  26  2:46  Marine  
  27  2:52  SCV  
  28  3:05  Cloaking Field  
  28  3:06  Banshee  
  28  3:07  Factory Reactor  
  28  3:08  Marine  
  28  3:11  Supply Depot  
  32  3:14  SCV  
  33  3:25  Marine  
  34  3:33  Command Center  
  34  3:36  SCV  
  35  3:48  SCV  
  36  3:50  Supply Depot  
  36  3:53  Factory Tech Lab  
  36  3:55  Raven  
  38  3:59  Marine x2  
  38  4:00  SCV  
  41  4:14  SCV  
  41  4:15  Siege Tank  
  45  4:17  Marine x2  
  45  4:24  Engineering Bay  
  47  4:28  SCV  
  48  4:41  Marine x2  
  48  4:42  Viking  
  48  4:44  SCV  
  53  4:53  Siege Tank  
  57  5:00  SCV  
  57  5:01  Orbital Command  
  57  5:12  Marine x2  
  59  5:14  Viking  
  59  5:16  SCV  
  62  5:22  Supply Depot  
  62  5:26  Siege Tank  
  62  5:27  SCV  
  62  5:28  SCV  
  67  5:37  Marine x2  
  67  5:39  SCV  
  70  5:50  SCV  
  70  5:52  SCV  
  70  5:53  Terran Infantry Weapons Level 1  
  70  5:56  Command Center  
  72  6:03  Stimpack, Marine  
  73  6:06  SCV x2  
  73  6:09  Refinery x2  
  73  6:11  Supply Depot  
  75  6:13  Starport Reactor  
  75  6:17  Barracks  
  76  6:18  SCV  
  76  6:20  Barracks  
  76  6:25  Marine  
  76  6:26  SCV  
  76  6:32  SCV  
  79  6:38  SCV  
  80  6:44  SCV  
  78  6:50  SCV  
  79  7:00  Marine  
  74  7:04  SCV x2  
  74  7:06  Supply Depot x2, Barracks x2  
  74  7:07  Supply Depot  
  76  7:09  Starport Reactor  
  76  7:12  Orbital Command  
  76  7:13  Siege Tank  
  76  7:14  Marine x2  
  81  7:16  SCV, Marine x2  
  84  7:23  SCV  
  84  7:26  Marine  
  84  7:28  SCV  
  87  7:33  Orbital Command  
  87  7:37  Marine  
  87  7:38  Marine x3  
  91  7:45  SCV x2  
  91  7:50  Armory  
  93  7:53  Engineering Bay  
  93  7:55  Terran Infantry Armor Level 1  
  93  7:56  Barracks Reactor, Sensor Tower  
  93  7:57  SCV, Marine  
  95  7:59  Barracks Reactor  
  95  8:06  Medivac x2  
  95  8:07  Combat Shields  
  99  8:15  SCV x3  
  102  8:20  Supply Depot  
  102  8:21  Supply Depot  
  102  8:23  Marine x4  
  106  8:27  SCV  
  106  8:29  Refinery  
  106  8:31  Supply Depot  
  106  8:32  Supply Depot  
  107  8:36  Marine x3  
  107  8:37  Marine  
  107  8:39  Siege Tank  
  114  8:44  Marine x3  
  114  8:45  Marine x2  
  119  8:50  Terran Infantry Weapons Level 2  
  119  8:53  Terran Vehicle Weapons Level 1  
  119  8:55  Marine x3  
  122  8:56  Marine  
  122  9:02  Marine  
  124  9:06  Marine  
  124  9:07  Supply Depot, Marine x2  
  124  9:08  Supply Depot  
  127  9:11  Siege Tank  
  127  9:15  Marine, Medivac x2  
  127  9:16  Marine x2  
  137  9:23  Marine x3  
  140  9:24  Marine  
  140  9:25  Sensor Tower  
  140  9:27  Marine x2  
  143  9:33  Marine  
  143  9:34  Marine x2  
  146  9:39  Refinery  
  146  9:41  Marine x3  
  146  9:42  Marine  
  146  9:45  Marine x2  
  150  9:51  Marine  
  153  9:55  Marine x2  
  153  9:56  Siege Tank, Medivac x2  
  153  9:59  Marine x2  
  164  10:01  Factory  
  164  10:06  Marine x4  
  168  10:09  Marine  
  168  10:12  Marine  
  169  10:22  Supply Depot x2  
  169  10:23  Supply Depot  
  169  10:26  Medivac x2  
  173  10:34  Marine x5  
  173  10:35  Marine x2  
  173  10:36  Marine x2  
  143  10:44  Siege Tank  
  143  10:47  Factory Tech Lab  
  136  10:52  Marine x6  
  136  10:53  Barracks x2, Marine  
  136  10:54  Barracks  
Tags
 
Add a new tag
Caveats
  • Supply blocks, unpowered buildings, or Contaminate may cause inaccurate times.
  • Supply counts are checked every 10 seconds.